 Dungeon Crawl Stone Soup version 0.25-a0-598-gc9c9e4c (webtiles) character file.

Game seed: 3220339480711488728, levelgen mode: deterministic

734070 Trolling the Slayer (level 27, -5/312 (317) HPs)
             Began as a Troll Fighter on Mar 14, 2020.
             Was the Champion of Okawaru.
             Slain by a bone dragon (9 damage)
             ... on level 3 of the Abyss on Mar 15, 2020.
             The game lasted 03:43:48 (67993 turns).

Trolling the Slayer (Troll Fighter)                Turns: 67993, Time: 03:43:49

HP:   -5/312 (317)  AC: 34    Str: 39    XL:     27
MP:   29/29         EV:  7    Int:  9    God:    Okawaru [******]
Gold: 9187          SH: 43    Dex:  7    Spells: 26/26 levels left

rFire    + + +     SeeInvis +     - Unarmed
rCold    + + +     Gourm    +   M - +8 tower shield of Resourcefulness {rF+ Int+3}
rNeg     + . .     Faith    .   j - +5 gold dragon scales
rPois    +         Spirit   .   Q - -2 hat of the Alchemist {rElec rPois rF+ rC+ rN+ MR+ rMut rCorr}
rElec    +         Reflect  +   S - +1 cloak {MR+}
rCorr    +         Harm     .   (gloves unavailable)
rMut     +                      (boots unavailable)
MR       +++++                  O - brooch of Shielding {Reflect SH+8}
Stlth    ..........             Z - +3 ring of slaying
HPRegen  1.02/turn              l - ring of see invisible
MPRegen  0.21/turn

@: studying Shields
A: large, unfitting armour, claws 3, icy blue scales 1, large bone plates 1,
molten scales 1, clumsy 1, cold resistance 2, fast metabolism 3, gourmand, magic
resistance 1, regeneration 1, shaggy fur 1, electricity resistance, tough skin
3, evolution 1, no potion heal 1
}: 4/15 runes: serpentine, barnacled, slimy, silver
a: Heroism, Finesse, Renounce Religion


You were on level 3 of the Abyss.
You worshipped Okawaru.
Okawaru was exalted by your worship.
You were full.

You visited 11 branches of the dungeon, and saw 55 of its levels.
You visited the Abyss 3 times.
You also visited: Sewer, Ossuary, Gauntlet and Ice Cave.

You collected 11160 gold pieces.
You spent 1973 gold pieces at shops.

Inventory:

Missiles
 p - 7 throwing nets
 q - 114 poisoned darts
 D - 3 datura-tipped darts
 F - 141 large rocks (quivered)
 G - 27 atropa-tipped darts
 U - 58 silver javelins
 V - 20 curare-tipped darts
 X - 5 javelins
Armour
 a - +2 pearl dragon scales
 j - +5 gold dragon scales (worn)
 k - a scarf of cloud immunity
 A - the +2 hat of the Bear Spirit {Spirit, +Rage rN+ MR++}
   (You bought it in a shop on level 4 of the Snake Pit)

   It protects you from negative energy.
   It affects your resistance to hostile enchantments.
   It lets you go berserk.
 M - the +8 tower shield of Resourcefulness (worn) {rF+ Int+3}
   (You took it off Mennas on level 3 of the Vaults)

   It affects your intelligence (+3).
   It protects you from fire.
 Q - the -2 hat of the Alchemist (worn) {rElec rPois rF+ rC+ rN+ MR+ rMut rCorr}
   (You found it on level 5 of the Pits of Slime)

   It protects you from fire.
   It protects you from cold.
   It insulates you from electricity.
   It protects you from poison.
   It protects you from negative energy.
   It affects your resistance to hostile enchantments.
   It provides partial protection from all sources of acid and corrosion.
   It protects you from mutation.
 S - a +1 cloak of magic resistance (worn)
Jewellery
 b - the amulet of Xom's Passing Interest {Reflect rC+ Int+2 SH+4}
   (You took it off a deep elf mage on level 3 of the Elven Halls)

   [amulet of reflection]

   It shields you and reflects attacks.
   It affects your intelligence (+2).
   It protects you from cold.
   It affects your SH (+4).
 l - a ring of see invisible (right claw)
 z - the amulet of Qec Zawu {RegenMP +Fly Str+6 Dex+6}
   (You found it on level 2 of the Shoals)

   [amulet of magic regeneration]

   It increases your magic regeneration.
   It affects your strength (+6).
   It affects your dexterity (+6).
   It lets you fly.
 E - an uncursed ring of protection from fire
 H - an uncursed amulet of regeneration
 L - a +4 ring of evasion
 N - an uncursed ring of protection from cold
 O - the brooch of Shielding (around neck) {Reflect SH+8}
   (You found it on level 3 of the Elven Halls)

   [amulet of reflection]

   It shields you and reflects attacks.
   It affects your SH (+8).
 W - an uncursed ring of protection from magic
 Z - a +3 ring of slaying (left claw)
Wands
 n - a wand of scattershot (11)
 x - a wand of iceblast (63)
 J - a wand of digging (11)
 P - a wand of acid (25)
Scrolls
 g - 10 scrolls of fog
 h - 28 scrolls of teleportation
 i - 5 scrolls of holy word
 m - 27 scrolls of remove curse
 o - 8 scrolls of summoning
 t - 8 scrolls of blinking
 v - 11 scrolls of fear
 y - 12 scrolls of immolation
 B - 7 scrolls of magic mapping
 C - 3 scrolls of silence
 R - 23 scrolls of identify
Potions
 c - 4 potions of might
 e - 5 potions of mutation
 f - 21 potions of curing
 r - 9 potions of haste
 s - 11 potions of heal wounds
 u - 3 potions of resistance
 w - 5 potions of invisibility
 T - 5 potions of cancellation
Books
 Y - a manual of Shields
Miscellaneous
 I - 2 phantom mirrors
Comestibles
 d - 71 rations


   Skills:
 * Level 25.9 Fighting
 + Level 19.7 Throwing
 + Level 16.4 Armour
 + Level 5.2 Dodging
 + Level 16.0 Shields
 - Level 22.0 Unarmed Combat
 - Level 10.0 Invocations
 - Level 10.0 Evocations


You had 26 spell levels left.
You didn't know any spells.
Your spell library contained the following spells:

 Spells                   Type           Power        Failure   Level  Hunger
 Animate Skeleton         Necr           N/A          97%         1    ##.....
 Beastly Appendage        Tmut           #.....       97%         1    ##.....
 Corona                   Hex            #......      97%         1    ##.....
 Freeze                   Ice            #...         97%         1    ##.....
 Infusion                 Chrm           #...         97%         1    ##.....
 Magic Dart               Conj           #...         97%         1    ##.....
 Pain                     Necr           #...         97%         1    ##.....
 Shock                    Conj/Air       #...         97%         1    ##.....
 Summon Butterflies       Summ           #.......     97%         1    ##.....
 Summon Small Mammal      Summ           #...         97%         1    ##.....
 Blink                    Tloc           N/A          99%         2    ###....
 Call Imp                 Summ           #.......     99%         2    ###....
 Corpse Rot               Necr/Air       N/A          99%         2    ###....
 Ensorcelled Hibernation  Hex/Ice        #.....       99%         2    ###....
 Poisonous Vapours        Pois/Air       #.....       99%         2    ###....
 Searing Ray              Conj           #.....       99%         2    ###....
 Shroud of Golubria       Chrm/Tloc      #.....       99%         2    ###....
 Song of Slaying          Chrm           #.......     99%         2    ###....
 Sticks to Snakes         Tmut           #.......     99%         2    ###....
 Sublimation of Blood     Necr           #.........   99%         2    ###....
 Swiftness                Chrm/Air       #.......     99%         2    ###....
 Call Canine Familiar     Summ           #.......     100%        3    ####...
 Confusing Touch          Hex            #.......     100%        3    ####...
 Conjure Flame            Conj/Fire      #.......     100%        3    ####...
 Dazzling Flash           Conj/Hex       #.....       100%        3    ####...
 Frozen Ramparts          Ice            #.....       100%        3    ####...
 Gell's Gravitas          Tloc           #.........   100%        3    ####...
 Ignite Poison            Fire/Tmut/Pois #.......     100%        3    ####...
 Lesser Beckoning         Tloc           #.........   100%        3    ####...
 Mephitic Cloud           Conj/Pois/Air  #.......     100%        3    ####...
 Ozocubu's Armour         Chrm/Ice       #.......     100%        3    ####...
 Portal Projectile        Hex/Tloc       #.....       100%        3    ####...
 Recall                   Summ/Tloc      N/A          100%        3    ####...
 Spectral Weapon          Hex/Chrm       #.......     100%        3    ####...
 Spider Form              Tmut/Pois      #.........   100%        3    ####...
 Static Discharge         Conj/Air       #.......     100%        3    ####...
 Summon Guardian Golem    Hex/Summ       #.......     100%        3    ####...
 Teleport Other           Tloc           #.......     100%        3    ####...
 Tukima's Dance           Hex            #.......     100%        3    ####...
 Vampiric Draining        Necr           #.........   100%        3    ####...
 Airstrike                Air            #.........   100%        4    #####..
 Animate Dead             Necr           N/A          100%        4    #####..
 Cause Fear               Hex            #.........   100%        4    #####..
 Dispel Undead            Necr           #.......     100%        4    #####..
 Hailstorm                Conj/Ice       #.......     100%        4    #####..
 Ice Form                 Ice/Tmut       #.......     100%        4    #####..
 Iskenderun's Mystic Bla  Conj/Tloc      #.......     100%        4    #####..
 Olgreb's Toxic Radiance  Pois           #.......     100%        4    #####..
 Passage of Golubria      Tloc           N/A          100%        4    #####..
 Petrify                  Tmut/Erth      #.......     100%        4    #####..
 Summon Ice Beast         Ice/Summ       #.......     100%        4    #####..
 Summon Lightning Spire   Summ/Air       #.......     100%        4    #####..
 Agony                    Necr           #.......     100%        5    ######.
 Alistair's Intoxication  Tmut/Pois      #.......     100%        5    ######.
 Aura of Abjuration       Summ           #.........   100%        5    ######.
 Blade Hands              Tmut           #.........   100%        5    ######.
 Bolt of Magma            Conj/Fire/Erth #.........   100%        5    ######.
 Borgnjor's Vile Clutch   Necr/Erth      #.........   100%        5    ######.
 Excruciating Wounds      Chrm/Necr      #.........   100%        5    ######.
 Fireball                 Conj/Fire      #.........   100%        5    ######.
 Irradiate                Conj/Tmut      #.........   100%        5    ######.
 Iskenderun's Battlesphe  Conj/Chrm      #.......     100%        5    ######.
 Lightning Bolt           Conj/Air       #.........   100%        5    ######.
 Metabolic Englaciation   Hex/Ice        #.........   100%        5    ######.
 Silence                  Hex/Air        #.........   100%        5    ######.
 Summon Demon             Summ           #.........   100%        5    ######.
 Summon Forest            Summ/Tloc      #.........   100%        5    ######.
 Summon Mana Viper        Hex/Summ       #.......     100%        5    ######.
 Yara's Violent Unravell  Hex/Tmut       #.........   100%        5    ######.
 Conjure Ball Lightning   Conj/Air       #.........   100%        6    #######
 Darkness                 Hex            #.........   100%        6    #######
 Death Channel            Necr           #.........   100%        6    #######
 Deflect Missiles         Chrm/Air       #.........   100%        6    #######
 Dispersal                Tloc           #.........   100%        6    #######
 Eringya's Noxious Bog    Tmut/Pois      #.........   100%        6    #######
 Freezing Cloud           Conj/Ice/Air   #.........   100%        6    #######
 Ozocubu's Refrigeration  Ice            #.........   100%        6    #######
 Shadow Creatures         Summ           N/A          100%        6    #######
 Simulacrum               Ice/Necr       #.........   100%        6    #######
 Starburst                Conj/Fire      #.........   100%        6    #######
 Haunt                    Necr/Summ      #.........   100%        7    #######
 Ring of Flames           Chrm/Fire      #.........   100%        7    #######
 Spellforged Servitor     Conj/Summ      #.........   100%        7    #######
 Borgnjor's Revivificati  Necr           #.........   100%        8    #######
 Chain Lightning          Conj/Air       #.........   100%        8    #######
 Controlled Blink         Tloc           N/A          100%        8    #######
 Death's Door             Chrm/Necr      #.........   100%        8    #######
 Discord                  Hex            #.........   100%        8    #######
 Disjunction              Tloc           #.........   100%        8    #######
 Infestation              Necr           #.........   100%        8    #######
 Lehudib's Crystal Spear  Conj/Erth      #.........   100%        8    #######
 Necromutation            Tmut/Necr      #.........   100%        8    #######
 Fire Storm               Conj/Fire      #.........   100%        9    #######
 Glaciate                 Conj/Ice       #.........   100%        9    #######
 Tornado                  Air            #.........   100%        9    #######


Dungeon Overview and Level Annotations

Branches:
Dungeon (15/15)            Temple (1/1) D:7            Lair (6/6) D:10
 Shoals (4/4) Lair:4        Snake (4/4) Lair:4        Slime (5/5) Lair:5
    Orc (2/2) D:11            Elf (3/3) Orc:2        Vaults (5/5) D:14
  Crypt (0/3) Vaults:2     Depths (5/5) D:15            Zot (5/5) Depths:5
  Sewer (visited)         Ossuary (visited)           IceCv (visited)
Gauntlet (visited)

Altars:
Ashenzari
Cheibriados
Dithmenos
Elyvilon
Fedhas
Gozag
Hepliaklqana
Kikubaaqudgha
Makhleb
Nemelex Xobeh
Okawaru
Qazlal
Ru
Sif Muna
Trog
Uskayaw
Vehumet
Wu Jian
Xom
Yredelemnul
Zin
The Shining One
Beogh
Jiyva

Shops:
D:4 !   D:13 *   Orc:1 *   Orc:2 (?}}=   Elf:1 }   Shoals:1 ?   Shoals:2 *
Snake:4 [   Vaults:3 [   Vaults:5 (   Depths:1 }=}

Portals:
Hell: Lair:6 Depths:1 Depths:2 Depths:3 Depths:4 Depths:5
Abyss: Depths:4
Pandemonium: Depths:2 Depths:3 Depths:5
Ziggurat: Depths:2


Innate Abilities, Weirdness & Mutations

You are too large for most types of armour.
You have claws for hands.
Your metabolism is lightning-fast.
You like to eat raw meat.
Your natural rate of healing is unusually fast.
You are covered in fur. (AC +1)
You have extremely tough skin. (AC +3)
You are partially covered in icy blue scales. (AC +2)
You are partially covered in large bone plates. (SH +4)
You are partially covered in molten scales. (AC +2)
You are clumsy. (Dex -2)
Your flesh is very cold resistant. (rC++)
You are resistant to hostile enchantments. (MR+)
You are resistant to electric shocks. (rElec)
You evolve.
Potions are less effective at restoring your health.


Message History

You hold your ground!
You block the bone dragon's attack. x2
The bone dragon tramples you.
* * * LOW HITPOINT WARNING * * *
You hold your ground!
Throwing (i - inventory. (/) - cycle)
F - 142 large rocks (quivered)
Press: ? - help, Shift-Dir - straight line, f/p - tormentor
Aim: a tormentor You throw a large rock.
The large rock hits the tormentor!!!
You kill the tormentor!
Okawaru accepts your kill. You block the bone dragon's attack. x4
The bone dragon claws you but does no damage.
The bone dragon tramples you but does no damage.
You eviscerate the bone dragon!!!
The bone dragon is severely damaged.
You hear a bark!
You block the bone dragon's attack. x3; The bone dragon bites you!
* * * LOW HITPOINT WARNING * * *
You block the bone dragon's attack. The bone dragon tramples you!
You die...

#. . ...§###
............(#
.............
............
.∩.........
##..........
#....(......
#.###..........#
.#....D@D...#
#........#####
...........#
............#
...............
....h............
................#
.............. .
.#..... . .. ..#


You could see 2 bone dragons and a raiju.

Vanquished Creatures
  the Royal Jelly (Slime:5)
  Dissolution (Slime:4)
  2 ancient liches
  The ghost of Bitoqog the Conqueror, a legendary MiBe of Trog (Depths:2)
  4 orbs of fire
  3 juggernauts
  Mennas (Vaults:3)
  10 Killer Klowns
  Margery (Vaults:2)
  2 curse toes
  3 caustic shrikes
  A golden dragon (shapeshifter) (Vaults:5)
  11 golden dragons
  Jory (Depths:5)
  3 bone dragons
  Jorgrun (Orc:2)
  2 electric golems (Zot:5)
  An iron giant (Zot:5)
  The ghost of Lyxom the Brawler, an adept TrFi of Elyvilon (Shoals:3)
  Asterion (Depths:1)
  14 tentacled monstrosities
  7 liches
  3 deep elf blademasters
  2 deep elf master archers (Elf:3)
  25 Orb Guardians (Zot:5)
  6 titans
  6 sphinxes
  11 tentacled starspawn
  21 acid blobs
  9 quicksilver dragons
  The ghost of waywinkle the Peltast, an adept HaHu of Hepliaklqana (Shoals:3)
  4 death cobs
  Frances (Shoals:2)
  An Executioner (Abyss:4)
  Donald (Shoals:2)
  10 tengu reavers
  2 draconian monks
  14 shadow dragons
  8 nagarajas
  A daeva (Depths:2)
  14 storm dragons
  Ilsuiw (Shoals:3)
  19 frost giants
  21 fire giants
  4 draconian scorchers
  2 draconian knights
  16 azure jellies
  3 iron dragons
  11 vault wardens
  4 ghost moths
  3 draconian shifters
  7 deep elf sorcerers
  A draconian stormcaller (Depths:5)
  Aizul (Elf:3)
  2 cacodemons
  An orc warlord (Vaults:3)
  6 deep elf elementalists
  A balrug (Abyss:3)
  16 ironheart preservers
  2 war gargoyles (Vaults:5)
  27 stone giants
  3 angels (Depths:2)
  5 vampire knights
  3 spriggan defenders
  13 very ugly things
  An entropy weaver (shapeshifter) (Vaults:5)
  3 entropy weavers
  Nessos (D:12)
  8 deep elf demonologists
  10 deep elf annihilators
  4 green draconians
  A lorocyproca (Abyss:1)
  A minotaur (Gauntlet)
  8 purple draconians
  6 red draconians
  5 white draconians
  8 black draconians
  6 yellow draconians
  12 spark wasps
  A green death (Abyss:4)
  10 deep elf death magi
  An eidolon (Abyss:1)
  14 ettins
  6 merfolk javelineers
  2 merfolk impalers
  A blizzard demon (Gauntlet)
  Josephine (D:10)
  6 death oozes (Slime:5)
  3 jiangshi (Depths:3)
  5 deep elf high priests
  8 fire dragons
  21 yaktaur captains
  4 rakshasas
  13 great orbs of eyes
  17 naga warriors
  4 spriggan air magi
  Erolcha (Orc:1)
  6 merfolk avatars
  18 ice dragons
  9 centaur warriors
  5 hydras
  32 vault guards
  A catoblepas (D:13)
  5 merfolk aquamancers
  An alligator snapping turtle (Shoals:2)
  2 alligators (shapeshifter) (Vaults:5)
  25 dancing weapons
  7 anacondas
  A death knight (Abyss:3)
  A hell hog (Abyss:2)
  51 two-headed ogres
  4 satyrs
  5 vampire magi
  9 tengu warriors
  15 thrashing horrors
  9 deep troll earth magi
  16 deep troll shamans
  An orc high priest (Elf:2)
  6 death yaks
  A titan zombie (Abyss:1)
  12 ogre magi
  7 spriggan berserkers
  20 deep elf knights
  13 naga sharpshooters
  5 shock serpents
  16 hell knights
  5 iron trolls
  A sun demon (Lair:6)
  Sonja (Orc:1)
  2 fire crabs (Lair:6)
  3 flayed ghosts
  3 spatial maelstroms
  11 wretched stars
  A salamander mystic (Snake:3)
  9 skeletal warriors (Vaults:2)
  A death drake (shapeshifter) (Elf:2)
  A spark wasp zombie (Depths:1)
  A sea snake (shapeshifter) (D:14)
  5 shadow wraiths
  13 sea snakes
  A storm dragon skeleton (Vaults:2)
  3 sixfirhies
  5 unseen horrors
  A swamp dragon (Abyss:4)
  5 wizards
  17 ironbrand convokers
  An orange crystal statue (Zot:5)
  2 golden dragon zombies
  2 death drakes (Abyss:3)
  Pikel (D:5)
  6 naga ritualists
  8 glowing orange brains
  14 necromancers
  A sphinx zombie (Depths:3)
  4 phantasmal warriors
  34 deep trolls
  19 orc knights
  8 mana vipers
  18 harpies
  An iron dragon zombie (Abyss:3)
  5 orc sorcerers
  An anaconda skeleton (Abyss:2)
  20 deep elf archers
  An oklob plant (Lair:2)
  77 deep elf magi
  A fire giant zombie (Depths:3)
  A sphinx skeleton (Depths:1)
  3 wolf spiders
  2 orb spiders (shapeshifter)
  A stone giant zombie (Depths:1)
  8 shining eyes
  13 manticores
  36 ugly things
  9 cyclopes
  Maurice (Orc:2)
  9 merfolk sirens
  8 worldbinders
  A faun (shapeshifter) (Depths:3)
  An iron dragon skeleton (Depths:1)
  28 moths of wrath
  8 fauns
  A frost giant zombie (Abyss:2)
  20 vault sentinels
  29 black mambas
  5 apocalypse crabs
  10 salamanders
  5 water nymphs
  2 centaur zombies
  8 guardian serpents
  A frost giant skeleton (Depths:1)
  A guardian serpent (shapeshifter) (Depths:3)
  13 elephants
  17 naga magi
  6 eyes of devastation
  2 fire giant skeletons
  An ice statue (Gauntlet)
  12 smoke demons
  2 spiny frogs (shapeshifter)
  A torpor snail (Lair:4)
  13 spiny frogs
  11 orange demons
  A gargoyle (D:11)
  3 hellions
  7 rime drakes
  A kobold demonologist (D:14)
  A rime drake (shapeshifter) (Vaults:3)
  4 komodo dragons
  3 efreet
  6 tormentors
  25 yaktaurs
  7 hellwings
  9 freezing wraiths
  2 ice devils
  3 yaktaurs (shapeshifter)
  A demonic crawler (Abyss:4)
  9 human skeletons
  A jumping spider (Vaults:1)
  16 trolls
  19 polar bears
  10 ancient zymes
  4 red devils
  4 tengu conjurers
  A troll (shapeshifter) (Vaults:3)
  26 merfolk
  Grinder (D:6)
  7 hornets
  A deep troll zombie (Depths:1)
  A merfolk (shapeshifter) (Depths:1)
  4 wind drakes
  A hornet (shapeshifter) (Depths:2)
  8 blink frogs
  124 slime creatures
  5 snapping turtles
  26 raiju
  A spriggan zombie (Depths:1)
  15 dream sheep
  A snapping turtle (shapeshifter) (Depths:3)
  16 hippogriffs
  3 spriggan skeletons
  3 stone giant simulacra
  10 ynoxinuls
  7 flying skulls
  2 spriggans
  6 shadows
  A redback (shapeshifter) (Vaults:4)
  3 air elementals
  3 redbacks (Vaults:1)
  2 tarantellas (shapeshifter)
  6 wraiths
  31 yaks
  18 water elementals
  5 wyverns
  2 vampires (D:12)
  3 basilisks (shapeshifter)
  7 fire elementals
  2 steam dragons (D:8)
  4 basilisks
  8 neqoxecs
  2 human simulacra
  15 golden eyes
  4 vampire mosquitoes (D:13)
  2 hungry ghosts
  Menkaure (D:6)
  3 chaos spawn
  A warg (shapeshifter) (Depths:4)
  53 nagas
  An ogre zombie (Vaults:1)
  7 wargs
  3 acid dragons
  A swamp worm (shapeshifter) (Abyss:4)
  16 water moccasins
  10 hell hounds
  A floating eye (Slime:1)
  5 porcupines
  49 orc warriors
  A slave (D:5)
  A sky beast (shapeshifter) (Depths:4)
  7 sky beasts
  An eye of draining (shapeshifter) (Elf:1)
  3 eyes of draining
  A necrophage (D:6)
  2 ice beasts
  2 phantoms
  7 boggarts
  2 human zombies (Vaults:1)
  41 large abominations
  17 wolves
  44 ogres
  27 centaurs
  An elf skeleton (Vaults:2)
  10 crocodiles
  2 big kobolds (D:12)
  16 bullfrogs
  A glowing shapeshifter simulacrum (Depths:1)
  5 scorpions
  2 wyvern skeletons
  26 killer bees
  A water moccasin skeleton (D:12)
  9 wights
  11 howler monkeys
  9 crimson imps
  6 quasits
  83 starcursed masses
  A bullfrog zombie (D:13)
  9 hounds
  6 jellies
  A bullfrog skeleton (D:12)
  Crazy Yiuf (D:3)
  25 orc priests
  2 centaur skeletons
  5 iron imps
  31 orc wizards
  Ijyb (D:3)
  Terence (D:3)
  4 iguanas
  A hell rat (Lair:6)
  11 worker ants
  28 small abominations
  14 mummies
  8 gnolls
  13 adders
  9 shadow imps
  14 white imps
  5 ufetubi
  4 oozes
  3 adder zombies
  An adder skeleton (D:8)
  3 worms
  3 dart slugs
  7 leopard geckos
  135 orcs
  2 ball pythons
  5 bats
  7 giant cockroaches
  9 goblins
  11 hobgoblins
  13 jackals
  8 quokkas
  12 frilled lizards
  A giant cockroach zombie (D:5)
  2 gnoll skeletons (Ossuary)
  2 goblin skeletons (Ossuary)
  10 kobolds
  2 kobold skeletons (Ossuary)
  A leopard gecko zombie (D:7)
  4 orc skeletons
  A quokka skeleton (D:9)
  A quokka zombie (D:7)
  5 rats
  11 rat skeletons (Ossuary)
  3 fungi
  2 plants
  9 starspawn tentacles
2960 creatures vanquished.

Vanquished Creatures (others)
  An ironheart preserver (Vaults:1)
  3 stone giants
  A vampire knight (Depths:2)
  An ogre mage (Vaults:5)
  2 yaktaur captains
  2 centaur warriors
  A vault guard (Vaults:5)
  A naga sharpshooter (Snake:4)
  A deep elf knight (Vaults:4)
  A deep elf archer (Elf:2)
  A necromancer (Abyss:4)
  A deep elf mage (Elf:1)
  A wizard (Depths:3)
  An ironbrand convoker (Vaults:5)
  2 large abominations (Abyss:4)
  A salamander (Snake:2)
  A vault sentinel (Vaults:5)
  13 yaktaurs
  A harpy simulacrum (Abyss:4)
  An orc warrior (Vaults:5)
  A small abomination (Abyss:4)
  An ogre (Vaults:3)
  2 centaurs
  A human simulacrum (Vaults:1)
  A white imp (Abyss:3)
  A giant cockroach (D:5)
  9 demonic plants (Gauntlet)
  9 fungi
  3 lurking horrors
  15 plants
  19 starspawn tentacles
99 creatures vanquished.

Grand Total: 3059 creatures vanquished

Notes
Turn   | Place    | Note
-------+----------+-------------------------------------------
     0 | D:1      | Trolling the Troll Fighter began the quest for the Orb.
     0 | D:1      | Reached XP level 1. HP: 22/22 MP: 0/0
   186 | D:1      | Reached XP level 2. HP: 25/29 MP: 1/1
   214 | D:1      | Gained mutation: Your flesh is cold resistant. (rC+)
                  | [potion of mutation]
   214 | D:1      | Gained mutation: You passively map a small area around you.
                  | [potion of mutation]
   214 | D:1      | Gained mutation: You have an increased reservoir of magic.
                  | (+10% MP) [potion of mutation]
   638 | D:1      | Reached XP level 3. HP: 36/36 MP: 2/2
  1427 | D:3      | Noticed a sky beast
  1445 | D:3      | Killed a sky beast
  1445 | D:3      | Reached skill level 3 in Fighting
  1445 | D:3      | Reached XP level 4. HP: 30/45 MP: 3/3
  1445 | D:3      | Reached XP level 5. HP: 35/53 MP: 4/4
  1531 | D:3      | Noticed Terence
  1753 | D:3      | Killed Terence
  1941 | D:3      | Reached XP level 6. HP: 37/61 MP: 5/5
  2073 | D:3      | Noticed Ijyb
  2081 | D:3      | Killed Ijyb
  2123 | D:3      | Found a burning altar of Makhleb.
  2124 | D:3      | Found a blossoming altar of Fedhas.
  2636 | D:3      | Found a runed translucent door.
  2637 | D:3      | Noticed Crazy Yiuf
  2642 | D:3      | Killed Crazy Yiuf
  2642 | D:3      | Reached skill level 5 in Unarmed Combat
  2982 | D:4      | Found a snail-covered altar of Cheibriados.
  3143 | D:4      | Found Monedd's Distillery.
  3172 | D:4      | Bought a potion of curing for 30 gold pieces
  3172 | D:4      | Bought a potion of resistance for 100 gold pieces
  3172 | D:4      | Bought a potion of curing for 30 gold pieces
  3172 | D:4      | Bought a potion of heal wounds for 50 gold pieces
  3391 | D:4      | Found a stormy altar of Qazlal.
  3437 | D:5      | Entered Level 5 of the Dungeon
  3477 | D:5      | Found a sacrificial altar of Ru.
  3579 | D:5      | Noticed a sky beast
  3580 | D:5      | Noticed an ice beast
  3584 | D:5      | Killed a sky beast
  3584 | D:5      | Reached skill level 4 in Fighting
  3584 | D:5      | Reached XP level 7. HP: 70/70 MP: 6/6
  3798 | D:5      | Found a glowing drain.
  3804 | Sewer    | Entered a sewer
  4288 | D:5      | Noticed Pikel
  4312 | D:5      | Killed Pikel
  4312 | D:5      | Reached XP level 8. HP: 45/79 MP: 7/7
  4766 | D:6      | Noticed Menkaure
  4770 | D:6      | Killed Menkaure
  4770 | D:6      | Reached skill level 5 in Fighting
  4770 | D:6      | Reached skill level 5 in Shields
  5027 | D:6      | Reached XP level 9. HP: 88/88 MP: 8/8
  5103 | D:6      | Noticed Grinder
  5120 | D:6      | Killed Grinder
  5337 | D:6      | Found a shimmering altar of Xom.
  5437 | D:7      | Reached skill level 6 in Fighting
  5634 | D:7      | Found a sand-covered staircase.
  5642 | Ossuary  | Entered an ossuary
  5988 | D:7      | Reached skill level 10 in Unarmed Combat
  6802 | D:7      | Found an ornate altar of the Wu Jian Council.
  6844 | D:7      | Found a staircase to the Ecumenical Temple.
  7229 | D:8      | Reached XP level 10. HP: 91/100 MP: 10/10
  7541 | D:8      | Got a brightly glowing granite ring
  7543 | D:8      | Identified the ring "Zaminut" {Fire Dex+3} (You found it on
                  | level 8 of the Dungeon)
  7563 | D:8      | Noticed a manticore
  7570 | D:8      | Killed a manticore
  7938 | D:8      | Reached skill level 7 in Fighting
  8278 | Temple   | Entered the Ecumenical Temple
  8291 | Temple   | Became a worshipper of Warmaster Okawaru
  8334 | D:9      | Found a shimmering altar of Xom.
  8438 | D:9      | Found a bloodstained altar of Trog.
  8473 | D:9      | Reached skill level 1 in Invocations
  8497 | D:9      | Noticed a two-headed ogre
  8504 | D:9      | Killed a two-headed ogre
  8504 | D:9      | Reached * piety under Okawaru
  8889 | D:9      | Reached ** piety under Okawaru
  9361 | D:10     | Entered Level 10 of the Dungeon
  9397 | D:10     | Reached XP level 11. HP: 109/109 MP: 12/12
  9434 | D:10     | Noticed a death yak
  9435 | D:10     | Noticed a death yak
  9449 | D:10     | Killed a death yak
  9457 | D:10     | Killed a death yak
  9459 | D:10     | Noticed a death yak
  9459 | D:10     | Noticed a death yak
  9460 | D:10     | Noticed a death yak
  9471 | D:10     | Killed a death yak
  9471 | D:10     | Reached *** piety under Okawaru
  9513 | D:9      | Killed a death yak
  9577 | D:10     | Killed a death yak
  9577 | D:10     | Reached **** piety under Okawaru
  9577 | D:10     | Reached skill level 8 in Fighting
  9651 | D:10     | Found a staircase to the Lair.
  9863 | D:10     | Found a stormy altar of Qazlal.
 10114 | D:10     | Noticed Josephine
 10131 | D:10     | Killed Josephine
 10131 | D:10     | Reached ***** piety under Okawaru
 10377 | D:11     | Found a staircase to the Orcish Mines.
 10484 | D:11     | Received a gift from Okawaru
 10594 | D:11     | Noticed a cyan ugly thing
 10605 | D:11     | Killed a cyan ugly thing
 10605 | D:11     | Reached XP level 12. HP: 122/122 MP: 11/14
 11393 | D:12     | Reached skill level 9 in Fighting
 11952 | D:12     | Noticed Nessos
 11965 | D:12     | Killed Nessos
 12600 | D:13     | Received a gift from Okawaru
 12646 | D:13     | Noticed a two-headed ogre
 12655 | D:13     | Killed a two-headed ogre
 12733 | D:13     | Reached ****** piety under Okawaru
 12775 | D:13     | Noticed a centaur warrior
 12784 | D:13     | Reached skill level 15 in Unarmed Combat
 12786 | D:13     | Noticed a two-headed ogre
 12794 | D:13     | Killed a two-headed ogre
 12798 | D:13     | Reached XP level 13. HP: 125/132 MP: 15/15
 12806 | D:13     | Received a gift from Okawaru
 13090 | D:13     | Found an opulent altar of Gozag.
 13090 | D:13     | Found Gozag's Platinum Reserve.
 13148 | D:13     | Reached skill level 10 in Fighting
 13426 | D:14     | Reached skill level 10 in Shields
 13629 | D:14     | Received a gift from Okawaru
 13907 | D:14     | Found a gate to the Vaults.
 14107 | D:15     | Entered Level 15 of the Dungeon
 14113 | D:15     | Found a staircase to the Depths.
 14113 | D:15     | Noticed a fire giant
 14203 | D:15     | Found a basalt altar of Yredelemnul.
 14297 | D:15     | Killed a fire giant
 14325 | D:15     | Found a bloodstained altar of Trog.
 14647 | D:15     | Reached XP level 14. HP: 20/144 MP: 14/16
 15052 | Lair:1   | Entered Level 1 of the Lair of Beasts
 15839 | Lair:2   | Received a gift from Okawaru
 16414 | Lair:3   | Found a gate leading to a gauntlet.
 16430 | Gauntlet | Entered a Gauntlet
 16430 | Gauntlet | Found a transporter.
 16430 | Gauntlet | Found a transporter.
 16434 | Gauntlet | Found a transporter.
 16434 | Gauntlet | Found a transporter.
 16443 | Gauntlet | Found a transporter.
 16462 | Gauntlet | Found a transporter.
 16469 | Gauntlet | Found a transporter.
 16472 | Gauntlet | Found a transporter.
 16490 | Gauntlet | Found a transporter.
 16497 | Gauntlet | Found a transporter.
 16509 | Gauntlet | Found a transporter.
 16527 | Gauntlet | Found a transporter.
 16568 | Gauntlet | Found a transporter.
 16582 | Gauntlet | Found a transporter.
 16682 | Gauntlet | Found a transporter.
 16704 | Gauntlet | Found a transporter.
 16936 | Gauntlet | Identified the Grimoire of Self-Improvement
 16942 | Gauntlet | Identified the Almanac of the Several Allies
 16957 | Lair:3   | Reached skill level 11 in Fighting
 17483 | Lair:4   | Found a staircase to the Snake Pit.
 17512 | Lair:4   | Found a frozen archway.
 17529 | IceCv    | Entered an ice cave
 17583 | IceCv    | Identified the Guide on the Volcanoes and Orientation
 17636 | IceCv    | Received a gift from Okawaru
 17702 | IceCv    | Identified a scroll of acquirement
 17902 | IceCv    | Noticed a frost giant
 17927 | IceCv    | Killed a frost giant
 18050 | IceCv    | Identified the Tome of Helpful Unholy Arts
 18419 | Lair:4   | Received a gift from Okawaru
 18886 | Lair:4   | Found a staircase to the Shoals.
 19325 | Lair:5   | Found a runed translucent door.
 19326 | Lair:5   | Found a viscous altar of Jiyva.
 19328 | Lair:5   | Found a staircase to the Slime Pits.
 19605 | Lair:5   | Reached skill level 5 in Invocations
 20029 | Lair:6   | Entered Level 6 of the Lair of Beasts
 20137 | Lair:6   | Reached XP level 15. HP: 140/154 MP: 19/19
 20746 | Lair:6   | Received a gift from Okawaru
 20866 | Lair:6   | Found a burning altar of Makhleb.
 20917 | Lair:6   | Found a gateway to Hell.
 21685 | Orc:1    | Entered Level 1 of the Orcish Mines
 21686 | Orc:1    | Noticed Erolcha
 21695 | Orc:1    | Killed Erolcha
 21725 | Orc:1    | Found Maiqirr's Mass Market.
 21811 | Orc:1    | Found a roughly hewn altar of Beogh.
 21879 | Orc:2    | Entered Level 2 of the Orcish Mines
 21879 | Orc:2    | Noticed Maurice
 21887 | Orc:2    | Killed Maurice
 21887 | Orc:2    | Received a gift from Okawaru
 21896 | Orc:2    | Noticed Jorgrun
 21910 | Orc:2    | Killed Jorgrun
 22019 | Orc:2    | Found Atioh's Magic Scroll Shoppe.
 22073 | Orc:2    | Bought a scroll of identify for 22 gold pieces
 22073 | Orc:2    | Bought a scroll of blinking for 82 gold pieces
 22073 | Orc:2    | Bought a scroll of teleportation for 33 gold pieces
 22073 | Orc:2    | Bought a scroll of identify for 22 gold pieces
 22188 | Orc:2    | Found a staircase to the Elven Halls.
 22203 | Orc:2    | Reached skill level 12 in Fighting
 22473 | Orc:2    | Found Qunoas's Antique Weapon Shop.
 22474 | Orc:2    | Found Taituom's Gadget Shop.
 22492 | Orc:2    | Found Serphipy's Gadget Emporium.
 22500 | Orc:2    | Found Jibau's Jewellery Boutique.
 23028 | Orc:1    | Received a gift from Okawaru
 23033 | Orc:1    | Noticed Sonja
 23053 | Orc:1    | Killed Sonja
 23108 | Orc:1    | Reached XP level 16. HP: 156/165 MP: 22/22
 23489 | Shoals:1 | Entered Level 1 of the Shoals
 23565 | Shoals:1 | Found Tiz Buth's Magic Scroll Boutique.
 24252 | Shoals:2 | Found a transporter.
 24269 | Shoals:2 | Found Hoqasaug's Island Escapes.
 24310 | Shoals:2 | Noticed Donald
 24347 | Shoals:2 | Killed Donald
 24358 | Shoals:2 | Noticed Frances
 24381 | Shoals:2 | Killed Frances
 24668 | Shoals:2 | Found a transporter.
 25002 | Shoals:2 | Bought a potion of invisibility for 144 gold pieces
 25002 | Shoals:2 | Bought a potion of haste for 180 gold pieces
 25002 | Shoals:2 | Bought a scroll of teleportation for 54 gold pieces
 25002 | Shoals:2 | Bought a scroll of blinking for 135 gold pieces
 25002 | Shoals:2 | Bought a scroll of fog for 36 gold pieces
 25026 | Shoals:2 | Upgraded the game from 0.25-a0-597-gb30770a to
                  | 0.25-a0-598-gc9c9e4c
 25068 | Shoals:2 | Gained mutation: Your spells are a little easier to cast,
                  | but a little less powerful. [the power of Zot]
 25068 | Shoals:2 | Gained mutation: Armour fits poorly on your strangely
                  | shaped body. [the power of Zot]
 25148 | Shoals:2 | Got a steaming jade amulet
 25149 | Shoals:2 | Identified the amulet of Qec Zawu {RegenMP +Fly Str+6
                  | Dex+6} (You found it on level 2 of the Shoals)
 25164 | Shoals:2 | Identified the ring "Uwnat" {Wiz rPois Dex+3} (You found it
                  | on level 2 of the Shoals)
 25558 | Shoals:3 | Found a runed translucent gate.
 25558 | Shoals:3 | Found a runed translucent gate.
 25558 | Shoals:3 | Found a runed translucent gate.
 25558 | Shoals:3 | Noticed Lyxom's ghost (adept TrFi)
 25559 | Shoals:3 | Noticed waywinkle's ghost (adept HaHu)
 25717 | Shoals:3 | Noticed Ilsuiw
 25729 | Shoals:3 | Killed Ilsuiw
 25738 | Shoals:3 | Received a gift from Okawaru
 26026 | Shoals:4 | Entered Level 4 of the Shoals
 26177 | Shoals:4 | Identified the +1 robe of Noshur {*Drain Str+5 Int+3} (You
                  | found it on level 4 of the Shoals)
 26293 | Shoals:4 | Identified the Compendium of Unholy Arts and the Traveller
 26827 | Shoals:4 | Received a gift from Okawaru
 26911 | Shoals:4 | Reached XP level 17. HP: 161/175 MP: 24/24
 26923 | Shoals:4 | Identified the Guide on the Traveller
 27129 | Shoals:4 | Cast into level 2 of the Abyss (merfolk javelineer)
 27365 | Abyss:2  | Noticed a profane servitor
 27506 | Abyss:2  | Lost mutation: Your spells are a little easier to cast, but
                  | a little less powerful. [a cacodemon]
 27659 | Abyss:2  | Reached skill level 13 in Fighting
 27734 | Abyss:2  | Found a corrupted altar of Lugonu.
 27791 | Abyss:2  | Found a shimmering altar of Xom.
 27793 | Abyss:2  | Found a shimmering altar of Xom.
 27794 | Abyss:2  | Found a shimmering altar of Xom.
 27794 | Abyss:2  | Found a shimmering altar of Xom.
 27794 | Abyss:2  | Found a shimmering altar of Xom.
 27794 | Abyss:2  | Found a shimmering altar of Xom.
 27794 | Abyss:2  | Found a shimmering altar of Xom.
 27795 | Abyss:2  | Found a corrupted altar of Lugonu.
 27801 | Abyss:2  | Found a shimmering altar of Xom.
 27801 | Abyss:2  | Found a shimmering altar of Xom.
 27938 | Shoals:4 | Escaped the Abyss
 28127 | Shoals:4 | Got a barnacled rune of Zot
 28266 | Snake:1  | Entered Level 1 of the Snake Pit
 28375 | Snake:1  | Lost mutation: Armour fits poorly on your strangely shaped
                  | body. [potion of mutation]
 28375 | Snake:1  | Gained mutation: You evolve. [potion of mutation]
 28375 | Snake:1  | Gained mutation: You have a beak for a mouth. [potion of
                  | mutation]
 28375 | Snake:1  | Gained mutation: You are dopey. (Int -2) [potion of
                  | mutation]
 28605 | Snake:1  | Received a gift from Okawaru
 28706 | Snake:1  | Gained mutation: Your flesh is very cold resistant. (rC++)
                  | [evolution]
 29361 | Snake:2  | Found a sparkling altar of Nemelex Xobeh.
 29935 | Snake:2  | Got an ancient robe
 29946 | Snake:2  | Identified the +0 robe of Woraih Exeut {*Corrode rF+ rN++
                  | Regen+} (You found it on level 2 of the Snake Pit)
 30365 | Snake:3  | Reached skill level 10 in Invocations
 30555 | Snake:3  | Found a stormy altar of Qazlal.
 30622 | Snake:3  | Reached XP level 18. HP: 187/187 MP: 27/27
 30956 | Snake:4  | Entered Level 4 of the Snake Pit
 30979 | Snake:4  | Found Meorph's Antique Armour Shop.
 31010 | Snake:4  | Bought the +2 hat of the Bear Spirit {Spirit, +Rage rN+
                  | MR++} for 1055 gold pieces
 31010 | Snake:4  | Found the +2 hat of the Bear Spirit {Spirit, +Rage rN+
                  | MR++}
 31211 | Snake:4  | Received a gift from Okawaru
 32551 | Snake:4  | Got a serpentine rune of Zot
 32871 | Elf:1    | Entered Level 1 of the Elven Halls
 32880 | Elf:1    | Reached skill level 14 in Fighting
 33203 | Elf:1    | Identified the Catalogue of Companions
 33241 | Elf:1    | Found Jumiz's Gadget Shop.
 33528 | Elf:1    | Received a gift from Okawaru
 33531 | Elf:1    | Identified the +1 animal skin "Soitaxud" {*Corrode Int+8
                  | Dex-5 SInv} (Okawaru gifted it to you on level 1 of the
                  | Elven Halls)
 34226 | Elf:2    | Noticed a Brimstone Fiend
 34232 | Elf:2    | Reached XP level 19. HP: 187/197 MP: 28/28
 34824 | Elf:2    | Found a runed translucent gate.
 34824 | Elf:2    | Found a runed translucent gate.
 34824 | Elf:2    | Found a runed translucent gate.
 34957 | Elf:2    | Reached skill level 1 in Throwing
 35193 | Elf:2    | Received a gift from Okawaru
 35676 | Elf:3    | Entered Level 3 of the Elven Halls
 35749 | Elf:3    | Reached skill level 15 in Fighting
 35749 | Elf:3    | Reached skill level 1 in Armour
 36132 | Elf:3    | Noticed Aizul
 36137 | Elf:3    | Killed Aizul
 36430 | Elf:3    | Gained mutation: You are partially covered in icy blue
                  | scales. (AC +2) [evolution]
 36438 | Elf:3    | Noticed a Brimstone Fiend
 36446 | Elf:3    | Received a gift from Okawaru
 36660 | Elf:3    | Identified the ring of Qoepsir {*Slow +Fly rElec rN+ MR+}
                  | (You acquired it on level 3 of the Elven Halls)
 36688 | Elf:3    | Identified the +11 mace of Paxiuh {drain, +Blink MP-9 Str+9
                  | Stlth+}
 36688 | Elf:3    | Identified the amulet of Xom's Passing Interest {Reflect
                  | rC+ Int+2 SH+4}
 36775 | Elf:3    | Received a gift from Okawaru
 36868 | Elf:3    | Identified the Collected Works on Mutagenic Companions
 36869 | Elf:3    | Found the brooch of Shielding {Reflect SH+8}
 36902 | Elf:3    | Identified the Disquisition on Toxic Snow
 36912 | Elf:3    | Identified the ring "Laobreu" {MP+9 Str+2 Dex+4} (You found
                  | it on level 3 of the Elven Halls)
 37203 | Vaults:1 | Entered Level 1 of the Vaults
 37322 | Vaults:1 | Reached XP level 20. HP: 203/211 MP: 27/29
 37325 | Vaults:1 | Reached skill level 5 in Throwing
 37545 | Vaults:1 | Reached skill level 15 in Shields
 38016 | Vaults:1 | Received a gift from Okawaru
 38360 | Vaults:1 | Reached skill level 16 in Fighting
 38742 | Vaults:2 | Paralysed by a hornet for 3 turns
 39009 | Vaults:2 | Reached skill level 5 in Armour
 39055 | Vaults:2 | Received a gift from Okawaru
 39723 | Vaults:2 | Found a staircase to the Crypt.
 39763 | Vaults:2 | Received a gift from Okawaru
 39819 | Vaults:2 | Noticed Margery
 39833 | Vaults:2 | Killed Margery
 40276 | Vaults:2 | Reached XP level 21. HP: 97/224 MP: 12/30
 40278 | Vaults:2 | Received a gift from Okawaru
 40281 | Vaults:2 | Reached skill level 1 in Evocations
 40461 | Vaults:3 | Reached skill level 17 in Fighting
 40686 | Vaults:3 | Identified the +8 tower shield of Resourcefulness {rF+
                  | Int+3}
 40686 | Vaults:3 | Noticed Mennas
 40721 | Vaults:3 | Killed Mennas
 40768 | Vaults:3 | Found Weveuga's Armour Shop.
 41110 | Vaults:3 | Identified the +1 glaive "Josi Iso" {freeze, +Rage rPois
                  | rC+ rN+}
 41110 | Vaults:3 | Identified the amulet "Sosm" {Regen+ Int+4}
 41375 | Vaults:3 | Found the cursed necklace of Bloodlust {*Rage +Rage MR++
                  | Int-3 Slay+6 *Curse}
 41482 | Vaults:3 | Received a gift from Okawaru
 42153 | Vaults:3 | Gained mutation: You are agile. (Dex +2) [evolution]
 43012 | Vaults:4 | Reached XP level 22. HP: 231/237 MP: 31/31
 43077 | Vaults:4 | Reached skill level 18 in Fighting
 43512 | Vaults:4 | Reached skill level 5 in Evocations
 43650 | Vaults:4 | Received a gift from Okawaru
 43778 | Vaults:4 | Reached skill level 10 in Throwing
 44499 | Depths:1 | Entered Level 1 of the Depths
 44700 | Depths:1 | Received a gift from Okawaru
 45212 | Depths:1 | Found Qankiw's Gadget Boutique.
 45212 | Depths:1 | Found Fetism's Jewellery Emporium.
 45213 | Depths:1 | Found Fumaylo's Gadget Boutique.
 45339 | Depths:1 | Noticed Asterion
 45349 | Depths:1 | Killed Asterion
 45842 | Depths:2 | Received a gift from Okawaru
 46143 | Depths:2 | Found a one-way gate leading to the halls of Pandemonium.
 46264 | Depths:2 | Noticed a caustic shrike
 46278 | Depths:2 | Killed a caustic shrike
 46334 | Depths:2 | Reached XP level 23. HP: 247/249 MP: 32/32
 46562 | Depths:2 | Found the +4 moon troll leather armour {Spirit, Regen++
                  | MP+5}
 46576 | Depths:2 | Found a gateway to a ziggurat.
 46613 | Depths:2 | Received a gift from Okawaru
 46733 | Depths:2 | Reached skill level 19 in Fighting
 46902 | Depths:2 | Found a runed translucent door.
 46902 | Depths:2 | Noticed Bitoqog's ghost (legendary MiBe)
 47121 | Depths:3 | You fall into a shaft and drop 1 floor!
 47505 | Depths:3 | Reached skill level 10 in Armour
 47627 | Depths:3 | Received a gift from Okawaru
 48283 | Depths:3 | Lost mutation: You are dopey. (Int -2) [evolution]
 48618 | Depths:4 | Found an ornate altar of the Wu Jian Council.
 48619 | Depths:4 | Found a snail-covered altar of Cheibriados.
 48619 | Depths:4 | Found a one-way gate to the infinite horrors of the Abyss.
 48619 | Depths:4 | Found a radiant altar of Vehumet.
 49044 | Depths:4 | Noticed a juggernaut
 49053 | Depths:4 | Killed a juggernaut
 49053 | Depths:4 | Received a gift from Okawaru
 49172 | Depths:4 | Noticed a caustic shrike
 49180 | Depths:4 | Killed a caustic shrike
 49180 | Depths:4 | Reached XP level 24. HP: 245/261 MP: 29/32
 49544 | Depths:4 | Identified the +0 hat of Vlad {rC+ Regen+ Dex+7} (You
                  | acquired it on level 4 of the Depths)
 49568 | Depths:4 | Identified the Reference Book on Companions and Envenoming
 49664 | Depths:4 | Reached skill level 20 in Fighting
 49921 | Depths:5 | Entered Level 5 of the Depths
 50043 | Depths:5 | Noticed Jory
 50055 | Depths:5 | Noticed a juggernaut
 50059 | Depths:5 | Killed Jory
 50066 | Depths:5 | Killed a juggernaut
 50066 | Depths:5 | Received a gift from Okawaru
 50423 | Depths:5 | Found a gate to the Realm of Zot.
 50438 | Depths:5 | Received a gift from Okawaru
 51032 | Depths:4 | Gained mutation: You are resistant to electric shocks.
                  | (rElec) [evolution]
 51386 | Vaults:5 | Entered Level 5 of the Vaults
 51405 | Vaults:5 | Noticed an ancient lich
 51431 | Vaults:5 | Reached skill level 15 in Throwing
 51446 | Vaults:5 | Killed an ancient lich
 51446 | Vaults:5 | Reached XP level 25. HP: 244/274 MP: 24/32
 51699 | Vaults:5 | Received a gift from Okawaru
 52034 | Vaults:5 | Identified the cursed +1 great sword of Death {speed, +Fly
                  | Int+3 SInv}
 52382 | Vaults:5 | Received a gift from Okawaru
 52452 | Vaults:5 | Reached skill level 21 in Fighting
 52475 | Vaults:5 | Identified the +11 arbalest "Romoq" {elec, rElec MP+9 Str+2
                  | Int-4}
 52496 | Vaults:5 | Identified the +12 demon blade "Jatzip" {protect, +Fly
                  | rC+++ Str-5 SInv}
 52527 | Vaults:5 | Reached skill level 10 in Evocations
 52795 | Vaults:5 | Identified the ring of Virtue {Int+2 Dex+4} (You acquired
                  | it on level 5 of the Vaults)
 52796 | Vaults:5 | Identified the ring of Wubav {+Inv rPois} (You acquired it
                  | on level 5 of the Vaults)
 53032 | Vaults:5 | Received a gift from Okawaru
 53309 | Vaults:5 | Found the +8 whip "Snakebite" {curare, rPois}
 53315 | Vaults:5 | Got a silver rune of Zot
 53377 | Vaults:5 | Found Tezeniu's Antique Weapon Emporium.
 53928 | Zot:1    | Entered Level 1 of the Realm of Zot
 54103 | Zot:1    | Reached XP level 26. HP: 272/289 MP: 29/32
 55438 | Zot:2    | Received a gift from Okawaru
 55600 | Zot:2    | Reached skill level 22 in Fighting
 55701 | Zot:3    | Noticed an orb of fire
 55708 | Zot:3    | Gained mutation: You are frail. (-10% HP) [an orb of fire]
 55714 | Zot:3    | Killed an orb of fire
 55772 | Zot:3    | Gained mutation: You are resistant to hostile enchantments.
                  | (MR+) [evolution]
 56199 | Zot:4    | Received a gift from Okawaru
 56267 | Zot:4    | Reached skill level 23 in Fighting
 56834 | Zot:4    | Received a gift from Okawaru
 56851 | Zot:4    | Got a jewelled tower shield {god gift}
 56862 | Zot:4    | Identified the +6 tower shield "Qutirgh" {rPois MR+ Int-4
                  | Dex+9} (Okawaru gifted it to you on level 4 of the Realm of
                  | Zot)
 57741 | Zot:5    | Entered Level 5 of the Realm of Zot
 57963 | Zot:5    | Reached XP level 27. HP: 251/272 MP: 29/32
 58268 | Zot:5    | Noticed an orb of fire
 58286 | Zot:5    | Gained mutation: Your body sometimes deteriorates upon
                  | taking damage. [an orb of fire]
 58288 | Zot:5    | Killed an orb of fire
 58299 | Zot:5    | Noticed an orb of fire
 58303 | Zot:5    | Received a gift from Okawaru
 58312 | Zot:5    | Killed an orb of fire
 58596 | Zot:5    | Reached skill level 24 in Fighting
 58682 | Zot:5    | Noticed an orb of fire
 58695 | Zot:5    | Killed an orb of fire
 58695 | Zot:5    | Received a gift from Okawaru
 59039 | Zot:5    | Received a gift from Okawaru
 59122 | Zot:5    | Received a gift from Okawaru
 59143 | Zot:5    | Noticed an ancient lich
 59152 | Zot:5    | Noticed a juggernaut
 59152 | Zot:5    | a Killer Klown changed into a juggernaut
 59158 | Zot:5    | Killed an ancient lich
 59159 | Zot:5    | Killed a juggernaut
 59159 | Zot:5    | Reached skill level 15 in Armour
 59997 | Slime:1  | Entered Level 1 of the Pits of Slime
 60347 | Slime:1  | Gained mutation: You possess an exceptional clarity of
                  | mind. [a shining eye]
 60875 | Slime:2  | You fall into a shaft and drop 1 floor!
 61228 | Slime:2  | Received a gift from Okawaru
 61942 | Slime:4  | Noticed Dissolution
 61946 | Slime:4  | Lost mutation: You have an increased reservoir of magic.
                  | (+10% MP) [a shining eye]
 61969 | Slime:4  | Killed Dissolution
 62174 | Slime:5  | Entered Level 5 of the Pits of Slime
 62350 | Slime:5  | Reached skill level 25 in Fighting
 62486 | Slime:5  | Received a gift from Okawaru
 62493 | Slime:5  | Noticed the Royal Jelly
 62848 | Slime:5  | Killed the Royal Jelly
 63021 | Slime:5  | Found the -2 hat of the Alchemist {rElec rPois rF+ rC+ rN+
                  | MR+ rMut rCorr}
 63021 | Slime:5  | Found the +6 Majin-Bo {vamp, Archmagi MP+6 Int+6}
 63084 | Slime:5  | Identified the Catalogue of Assistive Lightness
 63092 | Slime:5  | Got a glittering copper ring
 63109 | Slime:5  | Got a slimy rune of Zot
 63217 | Slime:5  | Lost mutation: You have a beak for a mouth. [potion of
                  | mutation]
 63217 | Slime:5  | Lost mutation: You are agile. (Dex +2) [potion of mutation]
 63217 | Slime:5  | Gained mutation: You are partially covered in large bone
                  | plates. (SH +4) [potion of mutation]
 63217 | Slime:5  | Lost mutation: You are frail. (-10% HP) [potion of
                  | mutation]
 63218 | Slime:5  | Lost mutation: Your body sometimes deteriorates upon taking
                  | damage. [potion of mutation]
 63218 | Slime:5  | Lost mutation: You passively map a small area around you.
                  | [potion of mutation]
 63218 | Slime:5  | Lost mutation: You possess an exceptional clarity of mind.
                  | [potion of mutation]
 63218 | Slime:5  | Gained mutation: You are clumsy. (Dex -2) [potion of
                  | mutation]
 63218 | Slime:5  | Gained mutation: You are partially covered in molten
                  | scales. (AC +2) [potion of mutation]
 63551 | Shoals:3 | Killed Lyxom's ghost
 63555 | Shoals:3 | Killed waywinkle's ghost
 63970 | Depths:2 | Killed Bitoqog's ghost
 64005 | Depths:2 | Identified the ring of Ojyg {rC+ Stlth-} (You found it on
                  | level 5 of the Pits of Slime)
 64108 | Depths:4 | Voluntarily entered the Abyss.
 65152 | Abyss:4  | Paralysed by you for 2 turns
 65330 | Abyss:4  | Received a gift from Okawaru
 65495 | Abyss:4  | Paralysed by accursed screaming for 2 turns
 65504 | Abyss:4  | Paralysed by accursed screaming for 2 turns
 65742 | Abyss:4  | Gained mutation: Potions are less effective at restoring
                  | your health. [a cacodemon]
 65852 | Abyss:5  | Entered Level 5 of the Abyss
 65889 | Depths:4 | Escaped the Abyss
 66052 | Depths:4 | Voluntarily entered the Abyss.
 66075 | Abyss:1  | Paralysed by accursed screaming for 2 turns
 66082 | Abyss:1  | Paralysed by accursed screaming for 1 turns
 66092 | Abyss:1  | Paralysed by accursed screaming for 1 turns
 66853 | Abyss:2  | Received a gift from Okawaru
 67271 | Abyss:2  | Found a corrupted altar of Lugonu.
 67313 | Abyss:2  | Found a corrupted altar of Lugonu.
 67781 | Abyss:3  | Reached skill level 5 in Dodging
 67993 | Abyss:3  | HP: 4/312 [bone dragon (15)]
 67993 | Abyss:3  | Slain by a bone dragon

Levels and vault maps discovered:
D:1:      lightli_molten_gateway, layout_basic, hex_tiny, minmay_bisected
D:2:      layout_rooms, first_ration, minmay_pentomino_r2
D:3:      layout_basic, chequers_temple_overflow_statue_of_worship,
          uniq_crazy_yiuf_cottage, uniq_ijyb, uniq_terence
D:4:      layout_loops_ring, nicolae_qazlal_eye_of_the_storm,
          old_standard_altar, serial_shops, shop
D:5:      layout_basic, gup_sewer_entry_pipe, st_stairs_4,
          nicolae_ru_the_path_less_chosen, uniq_pikel
D:6:      layout_rooms, kennysheep_mini_moat, uniq_grinder, uniq_menkaure
D:7:      layout_basic, lemuel_coloured_pillars_altar,
          minmay_temple_entry_from_below_a, gup_ossuary_entry_pyramid,
          serial_co_window_serial, co_window_paths_a, co_window_paths_b,
          co_window_paths_a, co_window_paths_a, co_window_corner_a,
          co_window_paths_a, co_window_paths_b, co_window_corner_a,
          co_window_paths_a, co_window_of_opportunity_b, co_window_corner_b,
          co_window_unsneaky_path_b, co_window_broadway_b, glass_columns_b,
          glass_columns_c, glass_columns_b, glass_columns_a, glass_columns_b
D:8:      kennysheep_steamy, layout_loops_ring, the_bakery
D:9:      layout_gridville, bloody_trog, basic_altar, minmay_misc_feat_doors
D:10:     layout_roguey, dpeg_lair_monsters, basic_altar, uniq_josephine
D:11:     layout_long_grid, david_orc_3
D:12:     layout_layer_cave, uniq_nessos
D:13:     layout_irregular_city, nicolae_gozag_zags_fifth_avenue
D:14:     layout_roguey, david_vaults_4, nicolae_two_hexagons
D:15:     grunt_enter_depths_giant_problem, layout_irregular_city,
          minmay_stone_trees_medium, hangedman_feature_mirror
Temple:   minmay_freezing_vapour_temple
Lair:1:   layout_regular_city, minivault_23
Lair:2:   layout_big_grid, minmay_lair_oklob_chamber, lemuel_fruit_tree
Lair:3:   layout_gridlike, gauntlet_entry_generic,
          chequers_serial_rivers_micro_d
Lair:4:   layout_big_grid, minmay_shoals_entry_lonely_mermaid,
          guppyfry_snake_entry_garden, portal_ice_cave_entry_pillars_1,
          st_stairs_13
Lair:5:   layout_cave_pods, slime_altar_2, minmay_holes
Lair:6:   evil_forest, layout_regular_city, minmay_shattered_shrine,
          infiniplex_staircase_pool_2, lemuel_fruit_fields, lemuel_fruit_fields
Shoals:1: layout_shoals, serial_shops, shop
Shoals:2: gammafunk_its_a_trap, layout_shoals, nicolae_island_escapes,
          uniq_donald, uniq_frances
Shoals:3: layout_shoals, gammafunk_ghost_cemetery, uniq_ilsuiw
Shoals:4: shoals_end_simple, layout_shoals
Snake:1:  layout_misc_corridors, st_stairs_6, nicolae_snake_single_loop
Snake:2:  layout_basic, basic_altar
Snake:3:  layout_cave_town, basic_altar
Snake:4:  minmay_snake_end_coiled, layout_cave_pods, serial_shops,
          nicolae_shop_waterfront
Slime:1:  cheibrodos_slime_lost_civilization_1, layout_caves
Slime:2:  layout_caves
Slime:3:  layout_caves
Slime:4:  layout_caves, uniq_dissolution
Slime:5
Orc:1:    layout_diamond_mine, minmay_shop_mass, lemuel_statue_altar,
          uniq_erolcha, uniq_sonja
Orc:2:    st_orc_open, layout_caves, serial_shops, shop_fountains, uniq_jorgrun,
          uniq_maurice
Elf:1:    eino_elf_arrival_sip, layout_loops_ring, serial_shops,
          nicolae_shop_waterfront, serial_sigils,
          serial_sigils_hangedman_quiver, serial_sigils_hangedman_clutch,
          serial_sigils_hangedman_quiver, serial_sigils_hangedman_scratch,
          serial_sigils_hangedman_gut, serial_sigils_hangedman_quiver,
          minmay_elf_demonology
Elf:2:    layout_loops_cross, lemuel_elevator
Elf:3:    elf_hall, layout_rooms, drop_trap, serial_sigils_hangedman_gnaw,
          serial_sigils_hangedman_carve, uniq_aizul
Vaults:1: nicolae_vaults_little_squares_1, v_alt_pattern_3,
          vaults_standard_mumra_enter_the_diamond, v_alt_pattern_5, v_misc_12,
          nicolae_vaults_little_squares_3, nicolae_vaults_an_arrangement,
          layout_vaults_omnigrid
Vaults:2: minmay_crypt_entry_skeletal_spiral, hangedman_vaults_slither,
          nicolae_vaults_network_quinsquares
          [nicolae_vaults_network_quincunx_subvault,
          nicolae_vaults_network_quincunx_subvault,
          nicolae_vaults_network_quincunx_subvault,
          nicolae_vaults_network_quincunx_subvault], vaults_room_large_hall,
          v_alt_pattern_1, vaults_dpeg_doors, nicolae_vaults_network_s,
          vaults_room_corners, v_misc_17, grunt_vaults_twisty,
          vaults_room_pools, nicolae_vaults_specimen_jars, vaults_dpeg_ring,
          vaults_room_pools, layout_vaults_omnicross, uniq_margery
Vaults:3: st_greater_box_4, ontoclasm_vaults_fault, hangedman_vaults_cutoff,
          dpeg_vaults_monster_box, nicolae_vaults_alarming,
          hangedman_vaults_nodes, nicolae_vaults_little_ls,
          vaults_room_door_ring, nicolae_vaults_sealed_display,
          layout_vaults_chaotic_city, serial_shops, nicolae_shop_stone,
          uniq_mennas
Vaults:4: hangedman_vaults_variations, nicolae_vaults_network_periphery,
          nicolae_vaults_shelves_hall, hangedman_vaults_trim, v_misc_11,
          vaults_room_grid, v_misc_11, hangedman_vaults_slice,
          nicolae_vaults_circle_grid_b, layout_vaults_omnibox
Vaults:5
Depths:1: layout_basic, grunt_metal_band, abandoned_shop,
          kennysheep_nondescript, st_stairs_3, serial_bayou_ford_a,
          kennysheep_generic_room_2, minmay_shop_grove, uniq_asterion
Depths:2: kennysheep_four_of_diamonds, layout_gridlike, enter_ziggurat_c,
          ebering_ghost_inner_flame, hell_entry, rand_demon_pan_entry_9
Depths:3: kennysheep_green_arena, layout_cave_pools, grunt_hell_entry_dis_grunt,
          bh_chokoban, pan_entry
Depths:4: hangedman_slaughterboxes, hell_entry, abyss_entry, serial_shops
Depths:5: grunt_zot_entry_tricorne, layout_gridville,
          chequers_serial_rivers_small_b, pan_entry, hangedman_coc_ice_floe,
          abandoned_shop, hex_medium, uniq_jory
Zot:1:    kennysheep_blocky_hall, layout_basic, grunt_ministairs_1
Zot:2:    layout_misc_corridors
Zot:3:    layout_basic, hangedman_zot_decor_scrapings
Zot:4:    layout_concentric_octagons
Zot:5:    layout_concentric_octagons
Abyss:3:  base: Crypt:2, nicolae_abyss_rune_star_stuff, evilmike_abyss_exit_11,
          nicolae_abyss_rune_star_stuff, base: Lair:5,
          hangedman_abyss_river_spirits, evilmike_abyss_rune_siren_acolytes,
          grunt_abyss_exit_deep_breaths, hangedman_abyss_exit_choices,
          evilmike_abyss_exit_vortex, evilmike_abyss_rune_siren_acolytes,
          evilmike_abyss_exit_kraken, abyss_exit_lava, evilmike_abyss_exit_16,
          evilmike_nicolae_abyss_rune_containment_curve

Skill      XL: |  1  2  3  4  5  6  7  8  9 10 11 12 13 14 15 16 17 18 19 20 21 22 23 24 25 26 27 |
---------------+----------------------------------------------------------------------------------+-----
Unarmed Combat | 4 5 7 8 10 11 13 15 16 17 18 19 20 21 22 | 22.0
Fighting       | 3 4 5 6 7 8 9 10 11 12 13 14 15 16 17 18 19 20 21 23 25 | 25.9
Shields        | 3 4 5 6 7 8 9 10 11 12 13 14 15 16 | 16.0
Invocations    | 2 5 7 8 10 | 10.0
Throwing       | 4 7 9 11 13 15 16 17 19 | 19.7
Armour         | 3 6 8 9 10 11 12 13 16 | 16.4
Evocations     | 4 6 7 9 10 | 10.0
Dodging        | 5 |  5.2

Action                   |  1- 3 |  4- 6 |  7- 9 | 10-12 | 13-15 | 16-18 | 19-21 | 22-24 | 25-27 || total
-------------------------+-------+-------+-------+-------+-------+-------+-------+-------+-------++-------
Melee: Unarmed           |   112 |   184 |   412 |   723 |  1225 |  1240 |  1321 |  1406 |  2599 ||  9222
       Peck              |       |       |       |       |       |   201 |   340 |   433 |   517 ||  1491
Throw: Large rock        |       |       |       |       |    17 |     6 |       |     2 |    36 ||    61
Invok: Heroism           |       |       |       |    12 |    31 |    24 |    13 |    14 |    14 ||   108
       Finesse           |       |       |       |       |     6 |     6 |     5 |     4 |     7 ||    28
 Abil: Evoke Flight      |       |       |       |       |       |     2 |       |       |       ||     2
       Evoke Berserk Rag |       |       |       |       |       |       |       |       |     1 ||     1
Evoke: Wand              |       |     2 |       |       |       |       |       |     1 |       ||     3
       Phantom mirror    |       |       |       |       |       |       |       |       |     1 ||     1
  Use: Scroll            |     5 |     4 |     6 |     5 |     9 |    10 |     6 |     7 |     7 ||    59
       Potion            |     1 |       |     5 |       |       |     5 |       |     4 |     8 ||    23
 Stab: Sleeping          |       |     1 |       |     1 |       |       |       |       |       ||     2
       Petrified         |       |       |       |       |     6 |       |       |       |       ||     6
       Distracted        |       |       |       |       |     1 |       |       |       |       ||     1
       Invisible         |       |       |       |       |       |       |       |     1 |     8 ||     9
  Eat: Chunk             |    19 |    18 |    27 |    59 |    87 |    78 |    78 |    67 |    89 ||   522
       Ration            |       |       |       |     1 |     2 |     7 |       |       |    19 ||    29
Armor: Robe              |    26 |    48 |    83 |    19 |       |       |       |       |       ||   176
       Steam dragon scal |       |       |       |   125 |       |       |       |       |       ||   125
       Acid dragon scale |       |       |       |    12 |   138 |       |       |       |    33 ||   183
       Storm dragon scal |       |       |       |       |   104 |     9 |   234 |    62 |       ||   409
       Fire dragon scale |       |       |       |       |    56 |   228 |       |       |       ||   284
       Gold dragon scale |       |       |       |       |       |       |       |   288 |   364 ||   652
       Pearl dragon scal |       |       |       |       |       |       |       |       |   119 ||   119
Dodge: Dodged            |    30 |    43 |   127 |   161 |   181 |   181 |   108 |   102 |   205 ||  1138
Block: Kite shield       |    56 |    65 |   174 |   159 |       |       |       |       |       ||   454
       Tower shield      |       |       |       |   265 |  1014 |  1114 |  1267 |  1556 |  2790 ||  8006
       Reflection        |       |       |       |       |       |       |   106 |    90 |   113 ||   309

Table legend:
 A = Non-vault XP
 B = Vault XP
 C = Vault XP percentage of total XP
 D = Non-vault monster count
 E = Vault monster count
 F = Vault count percentage of total count
                 A         B        C        D         E       F
            +---------+---------+-------+---------+---------+-------
      Total | 1023934 |  951418 |  48.2 |    2048 |     911 |  30.8
            +---------+---------+-------+---------+---------+-------
        D:1 |      44 |       1 |   2.2 |      16 |       1 |   5.9
        D:2 |      39 |       4 |   9.3 |      14 |       1 |   6.7
        D:3 |     299 |     113 |  27.4 |      34 |       3 |   8.1
        D:4 |     140 |       0 |   0.0 |      14 |       0 |   0.0
        D:5 |     473 |     726 |  60.6 |      20 |       5 |  20.0
        D:6 |    1414 |     467 |  24.8 |      38 |       2 |   5.0
        D:7 |    1298 |      18 |   1.4 |      24 |       1 |   4.0
        D:8 |    1758 |     609 |  25.7 |      24 |       3 |  11.1
        D:9 |    3037 |     900 |  22.9 |      42 |       1 |   2.3
       D:10 |    2041 |    5979 |  74.6 |      35 |      12 |  25.5
       D:11 |    3342 |     296 |   8.1 |      23 |       5 |  17.9
       D:12 |    7279 |    1353 |  15.7 |      58 |       1 |   1.7
       D:13 |   12634 |       0 |   0.0 |      62 |       0 |   0.0
       D:14 |    6458 |    2268 |  26.0 |      26 |       4 |  13.3
       D:15 |    9546 |    2990 |  23.9 |      29 |       3 |   9.4
     Lair:1 |    3322 |       0 |   0.0 |      18 |       0 |   0.0
     Lair:2 |     901 |    1012 |  52.9 |       3 |       2 |  40.0
     Lair:3 |    5004 |       0 |   0.0 |      21 |       0 |   0.0
     Lair:4 |    4188 |     879 |  17.3 |      18 |       3 |  14.3
     Lair:5 |   10660 |      60 |   0.6 |      19 |       4 |  17.4
     Lair:6 |   11025 |   13798 |  55.6 |      34 |      35 |  50.7
   Shoals:1 |    7956 |       0 |   0.0 |      18 |       0 |   0.0
   Shoals:2 |   13543 |    8181 |  37.7 |      29 |       9 |  23.7
   Shoals:3 |    7173 |    8303 |  53.7 |      17 |       6 |  26.1
   Shoals:4 |    6341 |   24764 |  79.6 |      13 |      36 |  73.5
    Snake:1 |   12058 |     169 |   1.4 |      22 |       1 |   4.3
    Snake:2 |   17455 |       0 |   0.0 |      35 |       0 |   0.0
    Snake:3 |   24311 |       0 |   0.0 |      40 |       0 |   0.0
    Snake:4 |   16043 |   25726 |  61.6 |      26 |      46 |  63.9
    Slime:1 |    7293 |       0 |   0.0 |      21 |       0 |   0.0
    Slime:2 |    7067 |       0 |   0.0 |      10 |       0 |   0.0
    Slime:3 |   11232 |       0 |   0.0 |      21 |       0 |   0.0
    Slime:4 |   26180 |   16690 |  38.9 |      38 |       2 |   5.0
    Slime:5 |   11757 |   27672 |  70.2 |      24 |      12 |  33.3
      Orc:1 |    5853 |    1740 |  22.9 |      57 |       2 |   3.4
      Orc:2 |    2623 |   19231 |  88.0 |      34 |      39 |  53.4
      Elf:1 |   22152 |    6572 |  22.9 |      39 |      10 |  20.4
      Elf:2 |   28652 |   24134 |  45.7 |      48 |      29 |  37.7
      Elf:3 |    7272 |   43989 |  85.8 |      13 |      30 |  69.8
   Vaults:1 |   30238 |   13473 |  30.8 |      49 |      21 |  30.0
   Vaults:2 |   44456 |   29022 |  39.5 |      79 |      40 |  33.6
   Vaults:3 |   47555 |   69709 |  59.4 |      73 |      63 |  46.3
   Vaults:4 |   33253 |   17811 |  34.9 |      46 |      23 |  33.3
   Vaults:5 |   37503 |  142994 |  79.2 |      62 |     102 |  62.2
   Depths:1 |   48775 |   11737 |  19.4 |      60 |      12 |  16.7
   Depths:2 |   27909 |   40542 |  59.2 |      38 |      22 |  36.7
   Depths:3 |   35847 |   25409 |  41.5 |      44 |      19 |  30.2
   Depths:4 |     220 |  127086 |  99.8 |       1 |      98 |  99.0
   Depths:5 |   33312 |   27110 |  44.9 |      18 |      17 |  48.6
      Zot:1 |   28122 |    6788 |  19.4 |      18 |       6 |  25.0
      Zot:2 |   23066 |       0 |   0.0 |      13 |       0 |   0.0
      Zot:3 |   27632 |       0 |   0.0 |       9 |       0 |   0.0
      Zot:4 |   87364 |       0 |   0.0 |      52 |       0 |   0.0
      Zot:5 |   33200 |  161236 |  82.9 |      18 |      43 |  70.5
    Abyss:1 |   38462 |    5452 |  12.4 |      90 |       3 |   3.2
    Abyss:2 |   54788 |     599 |   1.1 |     129 |       9 |   6.5
    Abyss:3 |   27128 |    3006 |  10.0 |      64 |       7 |   9.9
    Abyss:4 |   44059 |   14625 |  24.9 |     105 |      16 |  13.2
    Abyss:5 |    1182 |       0 |   0.0 |       3 |       0 |   0.0
      Sewer |       0 |     146 | 100.0 |       0 |      19 | 100.0
    Ossuary |       0 |     246 | 100.0 |       0 |      31 | 100.0
      IceCv |       0 |   11871 | 100.0 |       0 |      45 | 100.0
   Gauntlet |       0 |    3912 | 100.0 |       0 |       7 | 100.0
            +---------+---------+-------+---------+---------+-------
